 Dungeon Crawl Stone Soup version 0.31-a0-369-g8eba5f6939 (webtiles) character file.

Game seed: 17837691319416378820

4 floatRand the Ruffian (level 1, 0/16 HPs)
             Began as a Draconian Shapeshifter on July 28, 2023.
             Frozen to death by an endoplasm (3 damage)
             ... on level 1 of the Dungeon.
             The game lasted 00:00:10 (118 turns).

floatRand the Ruffian (Draconian Shapeshifter)       Turns: 118, Time: 00:00:11

Health: 0/16       AC:  4    Str: 17    XL:     1   Next: 58%
Magic:  1/1        EV: 12    Int:  8    God:
Gold:   0          SH:  0    Dex: 11    Spells: 0/0 levels left

rFire   . .          .
                       - Unarmed
rCold   . . .        (no shield)
rNeg    . . .        (body armour unavailable)
rPois   .            (helmet currently unavailable)
rElec   .            (cloak currently unavailable)
rCorr   .            (gloves currently unavailable)
SInv    .            (boots currently unavailable)
Will    .....        (no amulet)
Stlth   +            (no ring)
HPRegen 0.22/turn    (no ring)
MPRegen 0.07/turn

%: no passive effects
@: beast-form, slowed, very slow
A: beast (slay +2), AC +4, unfitting armour, cold-blooded
a: Begin Untransformation


You were on level 1 of the Dungeon.
You were a hulking beast.
You visited 1 branch of the dungeon, and saw 1 of its levels.

Inventory:

Talismans
 b - a beast talisman
Potions
 a - a potion of lignification


   Skills:
 - Level 1.1 Fighting
 - Level 1.7 Dodging
 * Level 3.2 Unarmed Combat
 + Level 3.0 Shapeshifting


You couldn't memorise any spells.
You didn't know any spells.
Your spell library was empty.

Dungeon Overview and Level Annotations

Branches:
Dungeon (1/15)

Altars:


Innate Abilities, Weirdness & Mutations

You are a hulking beast.
Your limbs bulge with bestial killing power. (Slay +2)
Your plain brown scales are hard. (AC +4)
You cannot fit into any form of body armour.
You are cold-blooded and may be slowed by cold attacks.


Message History

The hobgoblin hits you.
You hit the goblin.
You kill the goblin!
The bat hits you.
The giant cockroach bites you but does no damage.
The hobgoblin hits you but does no damage.
You hit the hobgoblin.
The hobgoblin is lightly wounded.
The bat hits you. The giant cockroach closely misses you.
The hobgoblin hits you but does no damage.
The giant cockroach bites you but does no damage.
The bat barely misses you. x2; The giant cockroach misses you.
The hobgoblin barely misses you.
Things that are here:
a +0 dagger; a goblin corpse You hit the hobgoblin.
Your tail-slap misses the hobgoblin.
The hobgoblin is almost dead.
The bat hits you but does no damage. The giant cockroach closely misses you.
A quokka comes into view.
The bat hits you but does no damage. The hobgoblin misses you.
You closely miss the hobgoblin.
The hobgoblin is almost dead.
The bat closely misses you.
The giant cockroach bites you but does no damage.
A frilled lizard comes into view.
The hobgoblin hits you. The endoplasm freezes you.
You are frozen.
* * * LOW HITPOINT WARNING * * *
You feel yourself slow down.
You are too injured to fight recklessly!
Unknown command.
You are too injured to fight recklessly!
Unknown command.
You are too injured to fight recklessly!
You hit the giant cockroach but do no damage.
The bat misses you. The giant cockroach closely misses you. The bat misses you.
The endoplasm freezes you.
You are frozen.
You die...

.. [b... ..l..
....# ..... ....#
.....# ....#
......######
....#
..........##....#
........g..#....#
#..Jh..).#
..#...Bb.#.#
#.#......#..#
#.#.#######..# #
#.#.# #.# ..###
#.#.# .. .....#
#.#.# ..
......##.#.###
#..
♣.....#.....###


You could see an endoplasm, a giant cockroach, a hobgoblin, a bat and a frilled
lizard.

Vanquished Creatures
  A giant cockroach (D:1)
  A goblin (D:1)
  A bat (D:1)
  A frilled lizard (D:1)
  A kobold (D:1)
5 creatures vanquished.

Notes
Turn   | Place    | Note
-------+----------+-------------------------------------------
     0 | D:1      | floatRand the Draconian Shapeshifter began the quest for
                  | the Orb.
     0 | D:1      | Reached XP level 1. HP: 16/16 MP: 1/1
   118 | D:1      | Frozen to death by an endoplasm

Illustrated notes

Levels and vault maps discovered:
D:1:      kilobyte_arrival_exit_the_forest, layout_basic

Action                     || total
---------------------------++-------
  Melee: Unarmed           ||    23
         Tailslap          ||     1
 Armour: Skin              ||    14
  Dodge: Dodged            ||    32

Table legend: (Time is in decaauts)
 A = Elapsed time spent in this place.
 B = Non-inter-level travel time spent in this place.
 C = Inter-level travel time spent in this place.
 D = Time resting spent in this place.
 E = Time spent auto-exploring this place.
 F = Levels seen in this place.
 G = Mean time per level.
                   A        B        C        D        E       F      G
               +--------+--------+--------+--------+--------+-----+--------+
         Total |    118 |    118 |      0 |      0 |     62 |   1 |  118.0 |
       Dungeon |    118 |    118 |      0 |      0 |     62 |   1 |  118.0 |
               +--------+--------+--------+--------+--------+-----+--------+

Top non-repeatable levels by time:
     D:1: 118 daAuts
